 Dungeon Crawl Stone Soup version 0.22-a0-136-g83a10e5 (webtiles) character file.

2718 mortelune the Chiller (level 9, -5/58 HPs)
             Began as a Demonspawn Ice Elementalist on Feb 2, 2018.
             Was an Initiate of Ashenzari.
             Slain by a hellwing (6 damage)
             ... on level 7 of the Dungeon.
             The game lasted 00:30:28 (13206 turns).

mortelune the Chiller (DsIE)                       Turns: 13206, Time: 00:30:29

Health: -5/58      AC:  6    Str:  9    XL:     9   Next: 39%
Magic:  2/18       EV: 12    Int: 19    God:    Ashenzari [......]
Gold:   228        SH:  0    Dex: 14    Spells: 6/20 levels left

rFire    . . .     SeeInvis .   K - +4 trident (protect)
rCold    . . .     Gourm    .   (no shield)
rNeg     . . .     Faith    .   G - +0 robe
rPois    .         Spirit   .   H - +0 helmet (curse)
rElec    .         Reflect  .   I - +0 cloak (curse)
rCorr    .         Harm     .   (no gloves)
MR       .....                  (no boots)
Stlth    +++.......             (no amulet)
HPRegen  0.19/turn              x - +2 ring of protection (curse)
MPRegen  0.16/turn              (no ring)

@: no status effects
A: hooves 2, nightstalker 1, rot immunity, sturdy frame 1
a: Curse Item, Renounce Religion


You were on level 7 of the Dungeon.
You worshipped Ashenzari.
Ashenzari was noncommittal.
You were hungry.

You visited 2 branches of the dungeon, and saw 9 of its levels.

You collected 228 gold pieces.

Inventory:

Hand Weapons
 g - a +0 dagger
 h - a +0 dagger
 i - a +1 flail of draining
 p - a +0 mace
 u - a +0 flail
 y - a +0 war axe
 K - a +4 trident of protection (weapon)
 L - a +0 morningstar
Missiles
 e - 16 tomahawks (quivered)
Armour
 a - a +0 robe
 l - a +0 buckler
 z - a +1 ring mail of poison resistance
 G - a +0 robe (worn)
 H - a cursed +0 helmet (worn)
 I - a cursed +0 cloak (worn)
Jewellery
 x - a cursed +2 ring of protection (left hand)
Wands
 f - a wand of polymorph (17)
 r - a wand of clouds (6)
 D - a wand of disintegration (17)
 F - a wand of paralysis (17)
Scrolls
 j - 3 scrolls of amnesia {unknown}
 k - 2 scrolls of teleportation
 m - 2 scrolls of immolation {unknown}
 n - a scroll of magic mapping
 o - a scroll of remove curse
 s - 2 scrolls of fog {unknown}
 v - a scroll of blinking {unknown}
Potions
 d - a potion of lignification
 q - 2 potions of brilliance
 t - a potion of mutation
 w - 2 potions of haste
 A - 2 potions of might
 B - a potion of heal wounds {unknown}
 C - a potion of agility {unknown}
 E - a potion of berserk rage {unknown}
Books
 b - a book of Frost

   Spells                             Type                      Level
   a - Freeze                         Ice                          1
   b - Throw Frost                    Conjuration/Ice              2
   c - Ozocubu's Armour               Charms/Ice                   3
   d - Throw Icicle                   Conjuration/Ice              4
   e - Summon Ice Beast               Ice/Summoning                4
Comestibles
 c - 2 rations


   Skills:
 + Level 0.3 Fighting
 - Level 1.7 Dodging
 - Level 1.7 Stealth
 + Level 6.4 Spellcasting
 + Level 6.2 Conjurations
 - Level 6.1 Summonings
 + Level 6.6 Ice Magic


You had 6 spell levels left.
You knew the following spells:

 Your Spells              Type           Power        Failure   Level  Hunger
a - Freeze                Ice            ####         1%          1    None
b - Throw Frost           Conj/Ice       ####..       1%          2    None
c - Ozocubu's Armour      Chrm/Ice       ###.....     9%          3    ##.....
d - Throw Icicle          Conj/Ice       ####....     8%          4    ####...
e - Summon Ice Beast      Ice/Summ       ####....     8%          4    ####...


Dungeon Overview and Level Annotations

Branches:
Dungeon (8/15)             Temple (1/1) D:7
   Lair: D:8-11

Altars:
Ashenzari
Cheibriados
Elyvilon
Fedhas
Gozag
Hepliaklqana
Kikubaaqudgha
Makhleb
Nemelex Xobeh
Okawaru
Qazlal
Ru
Sif Muna
Trog
Uskayaw
Vehumet
Wu Jian
Xom
Yredelemnul
Zin
The Shining One


Innate Abilities, Weirdness & Mutations

You have hoof-like feet.
You are slightly more attuned to the shadows.
You are immune to rotting.
Your movements are slightly less encumbered by armour. (ER -2)


Message History

Press: ? - help, Shift-Dir - straight line, f/p - hellwing
Aim: a hellwing (almost dead)
You freeze the hellwing.
The hellwing is almost dead.
The hellwing hits you.
* * * LOW HITPOINT WARNING * * *
The hellwing closely misses you.
The shadow imp shouts, "Bolt, thou defiled spleeny simpleton!"
The hellwing swoops through the air toward you!
The hellwing closely misses you.
The hellwing hits you but does no damage.
There is a stone staircase leading up here.
The hellwing completely misses you. The hellwing closely misses you.
You climb upwards.
There is a stone staircase leading down here.
The hellwing swoops through the air toward you!
The hellwing hits you!
* * * LOW HITPOINT WARNING * * *
The hellwing hits you.
You die...

###.# #####.#
#.# #.# ....#
#...# #.# #.#
##### #.###
#.# #.# #.#
#.# #.# #.#
###.###.# #.#
#.......# #.#
#>#.##### #.#
#.#.# #### #.#
#@#.#
...########.##
#4#.#
##...........#
#.#.#
#...#######..#
#.#.# #.#.###
#..# #.#.#
..#...#
#..###.#.#
#####.#
#....#.#.#
..#...#
#.##.#<#.#
#.#...#
##.##.#.#.#


You could see a hellwing.

Vanquished Creatures
  Pikel (D:7)
  Edmund (D:6)
  A hungry ghost (D:7)
  2 ice beasts (D:6)
  A slave (D:7)
  An orc warrior (D:7)
  4 ogres
  3 centaurs
  3 bullfrogs
  A wyvern skeleton (D:8)
  A scorpion (D:4)
  A crimson imp (D:5)
  A jelly (D:5)
  A centaur zombie (D:6)
  A hound (D:7)
  4 centaur skeletons
  Crazy Yiuf (D:2)
  3 orc priests
  An orc wizard (D:7)
  A bullfrog skeleton (D:5)
  4 iguanas
  4 worker ants
  Robin (D:2)
  3 adders
  2 shadow imps (D:8)
  2 oozes (D:2)
  An adder skeleton (D:7)
  2 worms
  A dart slug (D:1)
  2 leopard geckos
  26 orcs
  A ball python (D:2)
  6 giant cockroaches
  13 goblins
  8 hobgoblins
  16 jackals
  8 bats
  6 frilled lizards
  6 kobolds
  A leopard gecko zombie (D:5)
  A quokka skeleton (D:5)
  A quokka zombie (D:5)
  5 rats
153 creatures vanquished.

Vanquished Creatures (collateral kills)
  Menkaure (D:7)
  A jelly (D:7)
  An orc priest (D:7)
  An orc wizard (D:7)
4 creatures vanquished.

Vanquished Creatures (others)
  A fungus (D:8)
1 creature vanquished.

Grand Total: 158 creatures vanquished

Notes
Turn   | Place    | Note
-------+----------+-------------------------------------------
     0 | D:1      | mortelune the Demonspawn Ice Elementalist began the quest for the Orb.
     0 | D:1      | Reached XP level 1. HP: 13/13 MP: 3/3
   292 | D:1      | Gained mutation: You have large cloven feet. [demonic ancestry]
   292 | D:1      | Reached XP level 2. HP: 12/19 MP: 0/5
   418 | D:1      | Learned a level 2 spell: Throw Frost
  1106 | D:1      | Reached XP level 3. HP: 18/24 MP: 1/7
  1481 | D:2      | Learned a level 3 spell: Ozocubu's Armour
  1540 | D:2      | Found a glowing silver altar of Zin.
  1679 | D:2      | Noticed Robin
  1831 | D:2      | Gained mutation: Your movements are slightly less encumbered by armour. (ER -2) [demonic ancestry]
  1831 | D:2      | Reached XP level 4. HP: 27/30 MP: 0/8
  1978 | D:2      | Found a runed door.
  2253 | D:2      | Killed Robin
  2370 | D:2      | Found a sacrificial altar of Ru.
  3336 | D:3      | Found a deep blue altar of Sif Muna.
  4229 | D:4      | Noticed an ogre
  4506 | D:4      | Noticed an ogre
  4510 | D:4      | Killed an ogre
  4510 | D:4      | Reached XP level 5. HP: 35/35 MP: 1/10
  4712 | D:4      | Killed an ogre
  4712 | D:4      | Gained mutation: You have hoof-like feet. [demonic ancestry]
  4712 | D:4      | Reached XP level 6. HP: 13/41 MP: 1/12
  5720 | D:4      | Learned a level 4 spell: Throw Icicle
  5745 | D:5      | Entered Level 5 of the Dungeon
  5782 | D:5      | Found a glowing golden altar of the Shining One.
  6061 | D:5      | Reached XP level 7. HP: 34/46 MP: 0/13
  6393 | D:5      | Reached skill level 5 in Ice Magic
  7059 | D:5      | Learned a level 4 spell: Summon Ice Beast
  7254 | D:6      | Found a shimmering altar of Xom.
  7442 | D:6      | Noticed Edmund
  7473 | D:6      | Killed Edmund
  7473 | D:6      | Reached skill level 5 in Spellcasting
  7473 | D:6      | Reached skill level 1 in Summonings
  7488 | D:6      | HP: 2/46 [iguana (6)]
  8179 | D:6      | Gained mutation: You are slightly more attuned to the shadows. [demonic ancestry]
  8179 | D:6      | Reached XP level 8. HP: 52/52 MP: 2/15
  8452 | D:6      | Reached skill level 5 in Conjurations
  8743 | D:6      | Found a hazy altar of Hepliaklqana.
  8920 | D:6      | Found a burning altar of Makhleb.
  9559 | D:7      | Found a staircase to the Ecumenical Temple.
  9566 | Temple   | Entered the Ecumenical Temple
  9831 | D:7      | Paralysed by fainting for 6 turns
 10538 | D:7      | Found a shattered altar of Ashenzari.
 10750 | D:7      | Became a worshipper of Ashenzari the Shackled
 10830 | D:7      | Reached skill level 5 in Summonings
 11314 | D:7      | Noticed Menkaure
 11323 | D:7      | Killed Menkaure
 11323 | D:7      | Gained mutation: You are immune to rotting. [demonic ancestry]
 11323 | D:7      | Reached XP level 9. HP: 57/57 MP: 1/18
 11930 | D:7      | Noticed Pikel
 12003 | D:7      | Killed Pikel
 12162 | D:7      | Found an iron altar of Okawaru.
 12462 | D:2      | Noticed Crazy Yiuf
 12464 | D:2      | Killed Crazy Yiuf
 12740 | D:8      | Noticed a hellwing
 12890 | D:8      | Noticed a hellwing
 13206 | D:7      | HP: 1/58 [hellwing (8)]
 13206 | D:7      | Slain by a hellwing

Vault maps used:
D:1:      onia_arrival_mini_spirals
D:2:      old_standard_altar, zin_academy, uniq_robin, uniq_crazy_yiuf_cottage
D:3:      lemuel_blue_sif_altar
D:5:      first_ration, basic_altar
D:6:      nicolae_overflow_crystal_walls, xom_teletrap_fun, lemuel_doored_altar,
          uniq_edmund
D:7:      nicolae_ashenzari_panopticon, kennysheep_okawaru_gauntlet,
          temple_green, bh_walls_and_bars, uniq_menkaure, uniq_pikel
D:8:      cheibrodos_grave_circle, nicolae_tso_besieged_by_evil,
          grunt_lair_entry_orc_guard_hut
Temple:   minmay_temple_bridge_abc

Skill      XL: |  1  2  3  4  5  6  7  8  9 |
---------------+----------------------------+-----
Ice Magic      | 3 4 5 6 |  6.6
Spellcasting   | 3 4 5 6 |  6.4
Conjurations   | 2 3 4 5 6 |  6.2
Summonings     | 2 5 6 |  6.1
Fighting       | |  0.3
Dodging        | |  1.7
Stealth        | |  1.7

Action                   |  1- 3 |  4- 6 |  7- 9 || total
-------------------------+-------+-------+-------++-------
Melee: Unarmed           |     3 |       |       ||     3
       Dagger            |     2 |     1 |       ||     3
       Mace              |       |     6 |       ||     6
       Kick              |       |     3 |    10 ||    13
       Flail             |       |     6 |    37 ||    43
       War axe           |       |       |    18 ||    18
       Trident           |       |       |     5 ||     5
Throw: Tomahawk          |    11 |       |       ||    11
 Cast: Freeze            |    45 |    64 |   111 ||   220
       Throw Frost       |    17 |    33 |    62 ||   112
       Ozocubu's Armour  |       |     2 |     4 ||     6
       Throw Icicle      |       |     1 |    42 ||    43
       Summon Ice Beast  |       |       |     5 ||     5
Invok: Curse Item        |       |       |     3 ||     3
  Use: Scroll            |       |     6 |     4 ||    10
       Potion            |       |       |     4 ||     4
 Stab: Distracted        |       |       |     1 ||     1
  Eat: Chunk             |     4 |    12 |    11 ||    27
       Ration            |       |     1 |     7 ||     8
Armor: Robe              |     9 |     5 |    44 ||    58
Dodge: Dodged            |    49 |    42 |   143 ||   234

Table legend:
 A = Spawn XP
 B = Non-spawn XP
 C = Spawn XP percentage of total XP
 D = Spawn monster count
 E = Non-spawn monster count
 F = Spawn count percentage of total count
 G = Total turns spent on level
                    A         B        C        D         E        F      G
               +---------+---------+-------+---------+---------+-------+---------
         Total |       0 |    3884 |   0.0 |       0 |     156 |   0.0 | 13206
               +---------+---------+-------+---------+---------+-------+---------
           D:1 |       0 |      48 |   0.0 |       0 |      27 |   0.0 |  1518
           D:2 |       0 |     152 |   0.0 |       0 |      25 |   0.0 |  2004
           D:3 |       0 |      33 |   0.0 |       0 |      11 |   0.0 |  1120
           D:4 |       0 |     353 |   0.0 |       0 |       8 |   0.0 |  1462
           D:5 |       0 |     461 |   0.0 |       0 |      23 |   0.0 |  1519
           D:6 |       0 |    1031 |   0.0 |       0 |      26 |   0.0 |  2334
           D:7 |       0 |    1712 |   0.0 |       0 |      33 |   0.0 |  2789
           D:8 |       0 |      94 |   0.0 |       0 |       3 |   0.0 |   266
               +---------+---------+-------+---------+---------+-------+---------
